 Dungeon Crawl Stone Soup version 0.30-b1-2-g02819fbbbe (webtiles) character file.

Game seed: 14276673967253783225

5020 raph the Summoner (level 10, -28/59 HPs)
             Began as a Tengu Summoner on Nov 12, 2023.
             Was a Believer of Kikubaaqudgha.
             Killed from afar by Fannar (39 damage)
             ... with a bolt of cold
             ... on level 10 of the Dungeon.
             The game lasted 00:15:49 (9071 turns).

raph the Summoner (Tengu Summoner)                  Turns: 9071, Time: 00:15:49

Health: -28/59     AC:  7    Str:  8    XL:     10   Next: 55%
Magic:  17/18      EV: 18    Int: 20    God:    Kikubaaqudgha [**....]
Gold:   676        SH:  0    Dex: 15    Spells: 5/19 levels left

rFire   . . .        a - +5 hand axe (vamp)
rCold   . . .        (no shield)
rNeg    . . .        z - +0 steam dragon scales
rPois   .            (helmet restricted)
rElec   .            (no cloak)
rCorr   .            q - +1 pair of gloves
SInv    .            (boots unavailable)
Will    .....        I - amulet of magic regeneration
Stlth   +++          e - +4 ring of slaying
HPRegen 0.29/turn    k - ring of wizardry
MPRegen 0.56/turn

%: wizardry (x1)
@: flying quickly and evasively, quick
A: beak, talons 3, nimble flight
a: Renounce Religion, Unearth Wretches


You were on level 10 of the Dungeon.
You worshipped Kikubaaqudgha.
Kikubaaqudgha was pleased with you.
You visited 2 branches of the dungeon, and saw 11 of its levels.

You collected 676 gold pieces.

Inventory:

Hand Weapons
 a - a +5 vampiric hand axe (weapon)
 c - a +0 dagger
 u - a +0 war axe
 v - a +2 heavy battleaxe
 x - a +1 dagger of venom
 B - a +4 dagger
 H - a +5 battleaxe
 P - a +0 battleaxe of freezing
Missiles
 F - a throwing net
 O - 22 poisoned darts
Armour
 d - a +1 robe
 q - a +1 pair of gloves (worn)
 z - +0 steam dragon scales (worn)
Jewellery
 e - a +4 ring of slaying (left hand)
 i - a ring of willpower
 k - a ring of wizardry (right hand)
 A - a +6 ring of dexterity
 I - an amulet of magic regeneration (around neck)
 M - an amulet of guardian spirit
Wands
 m - a wand of flame (36)
 s - a wand of roots (15)
 C - a wand of paralysis (25)
 N - a wand of digging (5)
Scrolls
 j - 2 scrolls of fog
 n - a scroll of fear
 t - a scroll of enchant weapon
 w - 5 scrolls of teleportation
 y - a scroll of butterflies
 K - a scroll of magic mapping
Potions
 b - 2 potions of magic
 f - 6 potions of curing
 g - 6 potions of lignification
 h - 3 potions of might
 l - 3 potions of heal wounds
 o - 2 potions of ambrosia
 p - 2 potions of mutation
 r - a potion of brilliance {unknown}
 D - 3 potions of haste
 E - 2 potions of degeneration {unknown}
 G - a potion of flight {unknown}
 J - 3 potions of cancellation
 L - 4 potions of invisibility {unknown}


   Skills:
 + Level 5.2 Fighting
 + Level 6.3 Dodging
 + Level 6.1 Stealth
 + Level 5.3 Spellcasting
 * Level 12.0 Summonings
 + Level 3.7 Necromancy
 + Level 5.3 Air Magic


You had 5 spell levels left.
You knew the following spells:

 Your Spells              Type           Power      Damage    Failure   Level
a - Summon Small Mammal   Summ           100%       N/A       1%          1
b - Call Imp              Summ           100%       N/A       1%          2
c - Call Canine Familiar  Summ           52%        N/A       1%          3
d - Summon Guardian Gole  Hex/Summ       29%        N/A       1%          3
e - Summon Lightning Spi  Summ/Air       40%        N/A       1%          4
f - Kiss of Death         Conj/Necr      48%        2d9       2%          1

Your spell library contained the following spells:

 Spells                   Type           Power      Damage    Failure   Level
 Necrotise                Necr           80%        1d8       1%          1
 Cigotuvi's Dreadful Rot  Necr/Pois/Air  34%        N/A       1%          2
 Sublimation of Blood     Necr           20%        N/A       1%          2
 Static Discharge         Conj/Air       32%        2-4/arc   2%          2
 Foxfire                  Conj/Fire      20%        2x1d5     4%          1
 Magic Dart               Conj           20%        1d4       4%          1
 Airstrike                Air            13%        2d(2-18)  4%          4
 Ensorcelled Hibernation  Hex/Ice        10%        N/A       7%          2
 Searing Ray              Conj           10%        2d4       7%          2
 Spider Form              Tmut/Pois      5%         N/A       14%         3
 Anguish                  Hex/Necr       6%         N/A       21%         4
 Fulminant Prism          Conj/Hex       2%         3d5       41%         4
 Fireball                 Conj/Fire      2%         3d4       75%         5
 Plasma Beam              Fire/Air       8%         2x1d20    89%         6
 Starburst                Conj/Fire      2%         6d3       99%         6
 Borgnjor's Revivificati  Necr           10%        N/A       100%        8
 Necromutation            Tmut/Necr      6%         N/A       100%        8
 Death's Door             Necr           10%        N/A       100%        9


Dungeon Overview and Level Annotations

Branches:
Dungeon (10/15)            Temple (1/1) D:5
   Lair: D:8-11         Orc: D:9-12

Altars:
Ashenzari
Cheibriados
Dithmenos
Fedhas
Gozag
Hepliaklqana
Kikubaaqudgha
Makhleb
Nemelex Xobeh
Okawaru
Qazlal
Ru
Sif Muna
Trog
Uskayaw
Vehumet
Wu Jian
Xom
Yredelemnul
Zin
The Shining One

Annotations:
D:8 exclusion: ice statue
D:10 Fannar


Innate Abilities, Weirdness & Mutations

You have a beak for a mouth.
You have claws for feet.
Your magical nature lets you fly swiftly and evasively.


Message History

You miss Fannar. Your kick misses Fannar. Your peck misses Fannar.
Fannar is severely wounded.
You barely miss the ice beast. You hit the water moccasin.
The water moccasin barely misses you.
Your quokka bites the ice beast.
The ice beast dies!
The ice beast disappears in a puff of smoke!
Fannar hits you with a +0 quarterstaff of freezing!
Fannar freezes you.
Your cerulean imp hits the water moccasin with a +1 spear.
The water moccasin bites you.
* * * LOW HITPOINT WARNING * * *
Your quokka barely misses Fannar.
Fannar barely misses you.
You miss Fannar.
Fannar is severely wounded.
You hit the water moccasin. The water moccasin closely misses you.
Your cerulean imp hits the water moccasin with a +1 spear.
Your quokka misses Fannar. Fannar completely misses you.
The water moccasin completely misses you.
You hit Fannar. You claw Fannar. Your peck misses Fannar.
Fannar is severely wounded.
You miss the water moccasin. Your quokka misses Fannar.
Your cerulean imp hits the water moccasin with a +1 spear.
The water moccasin misses you. Fannar closely misses you.
Your lightning spire shoots out a bolt of lightning at the killer bee!
The bolt of electricity hits the killer bee!
Your quokka misses Fannar.
The killer bee stings your guardian golem.
Your cerulean imp closely misses the water moccasin.
The water moccasin bites you!
* * * LOW HITPOINT WARNING * * *
You closely miss Fannar. You claw Fannar, but do no damage. You peck Fannar.
Fannar is severely wounded.
You barely miss the water moccasin.
The killer bee stings your guardian golem but does no damage.
Your quokka completely misses Fannar.
Fannar casts a spell at you. The bolt of cold hits you!!!
Ouch! That really hurt!
You die...
Kikubaaqudgha rasps: "You have failed me!
Welcome... death!"

....#.# ....P
##.##........#. <...P
....#................
.............# ......
#...........##....?
#.........#.....#
>........#.....##..
## #...yr.@.!...)..
#...##.†°<9e.S##!#...
#.....†##..#.5.#
##....###.8........
#.... #..$..#.....
....... ......#.....
......y ......##....#
............... .###
................


You could see Fannar (ally target), a water moccasin (ally target), a killer bee
(distracted, ally target), a friendly guardian golem (summoned), a friendly
lightning spire (summoned, sheltered), a friendly cerulean imp (summoned,
sheltered) and a friendly quokka (summoned, sheltered).

Vanquished Creatures
  2 steam dragons
  An orc warrior (D:9)
  A black bear (D:8)
  A phantom (D:4)
  Blork the orc (D:5)
  5 bullfrogs
  A scorpion (D:4)
  A killer bee (D:8)
  A howler monkey (D:4)
  A jelly (D:6)
  2 orc priests
  5 orc wizards
  2 iguanas
  2 gnolls
  An adder (D:4)
  2 shadow imps (D:5)
  A white imp (D:7)
  2 worms
  5 dart slugs
  10 orcs
  4 bats
  9 endoplasms
  2 giant cockroaches
  5 goblins
  4 hobgoblins
  A quokka (D:4)
  2 ball pythons
  A frilled lizard (D:3)
  4 kobolds
  2 rats (D:2)
81 creatures vanquished.

Vanquished Creatures (collateral kills)
  Erolcha (D:9)
  A troll (D:9)
  A hornet (D:9)
  A wraith (D:9)
  A wyvern (D:10)
  3 yaks (D:9)
  A steam dragon (D:9)
  A sky beast (D:7)
  An orc warrior (D:7)
  An ice beast (D:8)
  An ogre (D:5)
  A centaur (D:6)
  A kobold brigand (D:8)
  5 killer bees
  An electric eel (D:8)
  A jelly (D:8)
  A hound (D:6)
  3 orc priests (D:7)
  Jessica (D:3)
  2 iguanas
  Terence (D:3)
  2 orc wizards (D:8)
  A sleepcap (D:5)
  6 gnolls
  2 adders (D:3)
  A dart slug (D:1)
  7 orcs
  An endoplasm (D:2)
  A giant cockroach (D:1)
  3 hobgoblins
  3 ball pythons (D:1)
  A bat (D:1)
  3 goblins
  7 kobolds
  A rat (D:1)
69 creatures vanquished.

Vanquished Creatures (others)
  2 yaks (D:9)
  A black bear (D:5)
  3 wights (D:7)
  A killer bee (D:10)
  8 fungi (D:10)
  5 plants (D:10)
20 creatures vanquished.

Grand Total: 170 creatures vanquished

Notes
Turn   | Place    | Note
-------+----------+-------------------------------------------
     0 | D:1      | raph the Tengu Summoner began the quest for the Orb.
     0 | D:1      | Reached XP level 1. HP: 10/10 MP: 4/4
    33 | D:1      | Reached skill level 5 in Summonings
    52 | D:1      | Reached XP level 2. HP: 12/15 MP: 1/6
    96 | D:1      | Learned a level 2 spell: Call Imp
   294 | D:1      | Reached XP level 3. HP: 19/19 MP: 7/7
   321 | D:1      | Reached skill level 6 in Summonings
   604 | D:1      | Learned a level 3 spell: Call Canine Familiar
  1254 | D:2      | Identified the +9 hand axe of Wuloemog {antimagic, *Noise
                  | rElec rC- Str+8}
  1317 | D:2      | Identified the +5 mace of Tension {freeze, +Blink rF-
                  | rCorr}
  1623 | D:3      | Noticed Jessica
  1628 | D:3      | Reached XP level 4. HP: 24/24 MP: 0/8
  1632 | D:3      | Killed Jessica
  1633 | D:3      | Reached skill level 7 in Summonings
  1653 | D:3      | Gained mutation: Your magical nature lets you fly swiftly
                  | and evasively. [Tengu growth]
  1653 | D:3      | Reached XP level 5. HP: 9/28 MP: 3/9
  2096 | D:3      | Found a faded altar of an unknown god.
  2117 | D:3      | Noticed Terence
  2136 | D:3      | Killed Terence
  2537 | D:4      | Noticed a phantom
  2554 | D:4      | Killed a phantom
  2555 | D:4      | Reached skill level 1 in Fighting
  2555 | D:4      | Reached skill level 8 in Summonings
  2555 | D:4      | Reached XP level 6. HP: 22/34 MP: 6/10
  2559 | D:4      | Learned a level 3 spell: Summon Guardian Golem
  2782 | D:4      | Found a sacrificial altar of Ru.
  2879 | D:4      | Found a bloodstained altar of Trog.
  3499 | D:5      | Entered Level 5 of the Dungeon
  3511 | D:5      | Noticed a black bear
  3512 | D:5      | Noticed Blork the orc
  4126 | D:5      | Found a staircase to the Ecumenical Temple.
  4154 | D:5      | Killed a black bear
  4155 | D:5      | Reached XP level 7. HP: 40/40 MP: 4/12
  4190 | D:5      | Killed Blork the orc
  4247 | Temple   | Entered the Ecumenical Temple
  4449 | Temple   | Became a worshipper of Kikubaaqudgha
  4536 | D:5      | Reached skill level 9 in Summonings
  5082 | D:6      | Reached XP level 8. HP: 6/45 MP: 3/13
  5620 | D:6      | Learned a level 4 spell: Summon Lightning Spire
  5765 | D:6      | Found an iron altar of Okawaru.
  5903 | D:7      | Found a glowing golden altar of the Shining One.
  6063 | D:7      | Reached skill level 1 in Air Magic
  6131 | D:7      | Reached * piety under Kikubaaqudgha
  6131 | D:7      | Received a gift from Kikubaaqudgha
  6132 | D:7      | Reached skill level 10 in Summonings
  6282 | D:7      | Learned a level 1 spell: Kiss of Death
  6304 | D:7      | Reached XP level 9. HP: 19/52 MP: 5/16
  6607 | D:7      | Found an opulent altar of Gozag.
  6743 | D:7      | Found a shimmering blue altar of Sif Muna.
  7205 | D:8      | Noticed a +0 falchion
  7205 | D:8      | Noticed a +0 short sword
  7205 | D:8      | Noticed a +0 short sword
  7205 | D:8      | Noticed a +0 spear
  7206 | D:8      | Noticed a +0 dagger
  7212 | D:8      | Reached skill level 5 in Dodging
  7212 | D:8      | Reached skill level 1 in Necromancy
  7314 | D:8      | Noticed a +0 dagger
  7315 | D:8      | Noticed a +0 spear
  7316 | D:8      | Noticed a +0 falchion
  7426 | D:8      | Reached skill level 5 in Stealth
  7629 | D:8      | Found a hide-covered altar of Uskayaw.
  8021 | D:8      | Noticed an ice statue
  8218 | D:9      | Found a burning altar of Makhleb.
  8459 | D:9      | Noticed a hornet
  8473 | D:9      | Killed a hornet
  8474 | D:9      | Reached skill level 11 in Summonings
  8671 | D:9      | Reached XP level 10. HP: 28/58 MP: 10/18
  8675 | D:9      | Reached skill level 5 in Spellcasting
  8973 | D:9      | Noticed Erolcha
  8986 | D:9      | Killed Erolcha
  8986 | D:9      | Reached ** piety under Kikubaaqudgha
  8987 | D:9      | Reached skill level 5 in Fighting
  8987 | D:9      | Reached skill level 5 in Air Magic
  9035 | D:10     | Entered Level 10 of the Dungeon
  9042 | D:10     | Noticed Fannar
  9064 | D:10     | Reached skill level 12 in Summonings
  9071 | D:10     | Killed from afar by Fannar

Illustrated notes

Levels and vault maps discovered:
D:1:      lightli_arrival_boilingwater, layout_basic
D:2:      layout_basic, minmay_crystal_water
D:3:      layout_loops_ring, hellmonk_ecumenical_altar_inner_sanctum,
          small_statue_intersection, uniq_terence, uniq_jessica
D:4:      layout_cave_pods, nicolae_overflow_hidden_temple,
          lightli_temple_of_fire
D:5:      layout_basic, minmay_temple_entry_statues_fountains,
          uniq_blork_the_orc
D:6:      layout_basic, mainiacjoe_overflow_alcove_4, grunt_ministairs_14
D:7:      layout_loops_ring, led_sif_pool, amcnicky_altar_gilded,
          old_standard_altar, dreamdust_wishing_well
D:8:      lemuel_ice_statue, layout_basic, nicolae_uskayaw_en_pointe
D:9:      layout_roguey, bloody_makhleb, uniq_erolcha
D:10:     layout_cave_pools, due_lair_maze_entry_diamond, patterned_corridor,
          uniq_fannar, uniq_snorg
Temple:   nicolae_temple_bog_church

Skill      XL: |  1  2  3  4  5  6  7  8  9 10 |
---------------+-------------------------------+-----
Summonings     | 5 6 7 8 9 10 11 12 | 12.0
Fighting       | 1 2 3 4 5 |  5.2
Dodging        | 3 4 5 6 |  6.3
Stealth        | 3 4 5 6 |  6.1
Spellcasting   | 3 4 5 |  5.3
Air Magic      | 2 4 5 |  5.3
Necromancy     | 2 3 |  3.7

Action                     |  1- 3 |  4- 6 |  7- 9 | 10-12 || total
---------------------------+-------+-------+-------+-------++-------
  Melee: Dagger            |    11 |       |       |       ||    11
         Unarmed           |     5 |       |       |       ||     5
         Peck              |     8 |     5 |    14 |     2 ||    29
         Kick              |    11 |    16 |    25 |     6 ||    58
         Hand axe          |    37 |    62 |    86 |    12 ||   197
         Punch             |     1 |       |     2 |     1 ||     4
   Cast: Summon Small Mamm |    21 |     8 |    16 |     3 ||    48
         Call Imp          |     9 |    10 |    20 |     6 ||    45
         Call Canine Famil |     2 |     8 |    19 |     3 ||    32
         Summon Guardian G |       |     4 |    13 |     3 ||    20
         Summon Lightning  |       |       |     5 |     2 ||     7
  Evoke: Wand              |       |       |       |     1 ||     1
    Use: Scroll            |     6 |    10 |     9 |       ||    25
   Stab: Sleeping          |     4 |     5 |     6 |       ||    15
         Distracted        |       |     1 |       |     1 ||     2
 Armour: Robe              |    10 |     5 |     4 |       ||    19
         Steam dragon scal |       |       |    22 |       ||    22
  Dodge: Dodged            |    51 |    32 |    92 |    18 ||   193
